 Dungeon Crawl Stone Soup version 0.19-a0-1882-gbb73ea0 (console) character file.

474 brucemayne the Cleaver (level 7, -1/58 HPs)
             Began as a Hill Orc Monk on Oct 14, 2016.
             Slain by a gnoll
             ... wielding a +0 spear of freezing
              (6 damage)
             ... on level 6 of the Dungeon.
             The game lasted 00:06:23 (1485 turns).

brucemayne the Cleaver (Hill Orc Monk)              Turns: 1485, Time: 00:06:24

Health: -1/58      AC: 11    Str: 16    XL:     7   Next: 10%
Magic:  7/7        EV:  5    Int: 10    God:
Gold:   143        SH:  0    Dex: 13    Spells: 0 memorised, 6 levels left

rFire  . . .     SeeInvis .     a - +0 hand axe
rCold  . . .     Gourm    .     d - +0 plate armour
rNeg   + . .     Faith    .     (no shield)
rPois  .         Spirit   .     p - +0 helmet
rElec  .         Dismiss  .     (no cloak)
rCorr  .         Reflect  .     (no gloves)
MR     .....     Harm     .     (no boots)
Stlth  ..........               (no amulet)
                                (no ring)
                                e - ring of positive energy

@: no status effects
A: no striking features
a: no special abilities


You were on level 6 of the Dungeon.
You were not hungry.

You visited 1 branch of the dungeon, and saw 6 of its levels.

You collected 143 gold pieces.

Inventory:

Hand Weapons
 a - a +0 hand axe (weapon)
 f - a +0 battleaxe
Missiles
 x - 30 poisoned needles
Armour
 b - a +0 robe
 d - a +0 plate armour (worn)
 h - a +0 scale mail
 k - a +0 shield
 l - a +0 scale mail
 p - a +0 helmet (worn)
Jewellery
 e - a ring of positive energy (left hand)
Wands
 r - a wand of acid (3/15)
Scrolls
 g - 3 scrolls of remove curse
 n - a scroll of teleportation
 o - a scroll of enchant weapon {unknown}
 s - a scroll of amnesia
 t - a scroll of blinking {unknown}
 u - a scroll of noise {unknown}
 w - a scroll of magic mapping {unknown}
 y - a scroll of fog {unknown}
Potions
 i - 3 potions of degeneration
 j - a potion of lignification {unknown}
 m - a potion of brilliance {unknown}
 v - a potion of agility
 A - a potion of ambrosia
Comestibles
 c - 3 bread rations
 q - 4 fruits
 z - 2 chunks of flesh


   Skills:
 + Level 3.9 Fighting
 + Level 9.9 Axes
 + Level 1.0 Armour
 - Level 2.4 Dodging
 - Level 1.5 Stealth


You had 6 spell levels left.
You didn't know any spells.

Dungeon Overview and Level Annotations

Branches:
Dungeon (6/15)
 Temple: D:4-7

Altars:
Qazlal
Sif Muna

Annotations:
D:3 Natasha
D:4 Philosophy's ghost, amateur MiBe
D:5 Xiguana's ghost, novice HESk


Message History

You hit the gnoll. The gnoll hits you but does no damage. The gnoll hits you.
* * * LOW HITPOINT WARNING * * *
Unknown command.
You hit the gnoll.
The gnoll is heavily wounded.
You hit the gnoll.
The gnoll hits you with a spear of freezing!
* * * LOW HITPOINT WARNING * * *
The gnoll freezes you.
* * * LOW HITPOINT WARNING * * *
The gnoll hits you but does no damage.
Unknown command.
Your plate armour prevents you from hitting the gnoll.
The gnoll is heavily wounded.
You hit the gnoll. The gnoll hits you but does no damage. The gnoll hits you.
* * * LOW HITPOINT WARNING * * *
Unknown command.
Okay, then.
The gnoll hits you from afar with a spear of freezing.
You die...

# ...## # ..
.....# #####.#
..###
.o....###.....#
....# .....##....#
#.# #.g..##....##
#.##...[##.....#
###).[..)##....#.#
........##....##.#
...#..###......#@#
.....(##.#..g..#)#
...##........o.gg#
.........#.....###
##########.....#
#######


You could see 2 gnolls.

Vanquished Creatures
  An orc warrior (D:6)
  A phantom (D:5)
  A bullfrog zombie (D:5)
  A bullfrog skeleton (D:5)
  2 orc wizards (D:6)
  Jessica (D:3)
  2 worker ants (D:6)
  An adder (D:3)
  3 gnolls
  A howler monkey skeleton (D:3)
  An ooze (D:2)
  2 worms (D:5)
  2 dart slugs (D:1)
  3 leopard geckos (D:5)
  An orc (D:4)
  2 giant cockroaches
  5 goblins (D:1)
  6 hobgoblins
  A jackal (D:1)
  3 kobolds (D:2)
  2 bats (D:2)
  6 frilled lizards
  4 rats
52 creatures vanquished.

Notes
Turn   | Place    | Note
-------+----------+-------------------------------------------
     0 | D:1      | brucemayne the Hill Orc Monk began the quest for the Orb.
     0 | D:1      | Reached XP level 1. HP: 19/19 MP: 1/1
   204 | D:1      | Reached XP level 2. HP: 23/26 MP: 2/2
   292 | D:1      | Reached skill level 5 in Axes
   452 | D:2      | Reached XP level 3. HP: 27/31 MP: 3/3
   681 | D:3      | Noticed Natasha
   735 | D:3      | Noticed Jessica
   746 | D:3      | Killed Jessica
   746 | D:3      | Reached skill level 6 in Axes
   746 | D:3      | Reached XP level 4. HP: 31/39 MP: 4/4
   860 | D:3      | Found a deep blue altar of Sif Muna.
   950 | D:5      | Entered Level 5 of the Dungeon
   982 | D:4      | Noticed an ogre
  1001 | D:5      | Noticed Xiguana's ghost (novice HESk)
  1007 | D:4      | Noticed Philosophy's ghost (amateur MiBe)
  1037 | D:5      | Reached skill level 7 in Axes
  1037 | D:5      | Reached XP level 5. HP: 18/45 MP: 5/5
  1102 | D:5      | Noticed a phantom
  1125 | D:6      | Noticed an orc warrior
  1165 | D:5      | Killed a phantom
  1165 | D:5      | Reached skill level 8 in Axes
  1230 | D:5      | Reached XP level 6. HP: 21/51 MP: 6/6
  1297 | D:5      | Found a stormy altar of Qazlal.
  1412 | D:6      | Reached skill level 9 in Axes
  1431 | D:6      | Killed an orc warrior
  1449 | D:6      | Reached XP level 7. HP: 29/58 MP: 7/7
  1477 | D:6      | Reached skill level 1 in Armour
  1485 | D:6      | Slain by a gnoll

Vault maps used:
D:1:      eino_arrival_water_cross, minivault_14
D:2:      kennysheep_goblin_castle, minmay_goblin_kobold_house
D:3:      kennysheep_six_static_rooms, lemuel_crystal_altar, uniq_jessica,
          uniq_natasha
D:4:      gammafunk_temple_overflow_pools
D:5:      old_standard_altar, first_bread
D:6:      nrook_mini_backslash, kennysheep_cluttered_room, trog_ov_bears_minmay

Skill      XL: |  1  2  3  4  5  6  7 |
---------------+----------------------+-----
Axes           | 5 6 7 8 9 |  9.9
Armour         | 1 |  1.0
Fighting       | |  3.9
Dodging        | |  2.4
Stealth        | |  1.5

Action                   |  1- 3 |  4- 6 |  7- 9 || total
-------------------------+-------+-------+-------++-------
Melee: Hand axe          |   107 |   149 |    15 ||   271
Evoke: Wand              |       |     4 |       ||     4
  Use: Scroll            |     3 |     3 |       ||     6
       Potion            |       |     4 |       ||     4
 Stab: Sleeping          |     1 |       |       ||     1
  Eat: Chunk             |       |     2 |       ||     2
Armor: Scale mail        |    44 |    36 |       ||    80
       Plate armour      |       |    23 |     9 ||    32
Dodge: Dodged            |    69 |    70 |     5 ||   144
